 Dungeon Crawl Stone Soup version 0.26-a0-710-g95a0c6c400 (webtiles) character file.

Game seed: 10103930736387281683

178169 niangp the Severer (level 17, -10/244 HPs)
             Began as a Minotaur Berserker on Oct 30, 2020.
             Was a High Priest of Trog.
             Mangled by an azure jelly (25 damage)
             ... on level 1 of the Pits of Slime.
             The game lasted 01:14:18 (26818 turns).

niangp the Severer (Minotaur Berserker)            Turns: 26818, Time: 01:14:19

Health: -10/244    AC: 23    Str: 26    XL:     17   Next: 56%
Magic:  16/16      EV: 19    Int:  5    God:    Trog [*****.]
Gold:   2551       SH: 10    Dex: 12    Spells: 16/16 levels left

rFire    + + .     SeeInvis +   k - +11 hand axe "Unwub" {protect, rPois rF++ rC- SInv}
rCold    . . .     Faith    .   e - +3 warlock's mirror {reflect}
rNeg     . . .     Spirit   .   M - +3 plate armour {rC+}
rPois    +         Reflect  +   q - +1 hat {SInv}
rElec    .         Harm     .   Q - scarf {repulsion}
rCorr    .         Rampage  .   X - +2 pair of gloves
MR       ++...                  z - +1 pair of boots
Stlth    ..........             W - amulet of regeneration
HPRegen  0.90/turn              j - ring of Phasing {EV+8}
MPRegen  0.15/turn              J - ring of protection from magic

@: berserking, corroded, protection aura, repel missiles, very quick
A: retaliatory headbutt, horns 2
a: Berserk, Trog's Hand, Brothers in Arms, Renounce Religion


You were on level 1 of the Pits of Slime.
You worshipped Trog.
Trog was extremely pleased with you.
You visited 5 branches of the dungeon, and saw 24 of its levels.

You collected 4357 gold pieces.
You spent 1806 gold pieces at shops.

Inventory:

Hand Weapons
 a - the +3 sling "Punk" {acid, rCorr}
   (You found it on level 3 of the Elven Halls)

   It provides partial protection from all sources of acid and corrosion.
 k - the +11 hand axe "Unwub" (weapon) {protect, rPois rF++ rC- SInv}
   (You found it on level 5 of the Dungeon)

   It grants its wielder temporary protection when it strikes (+7 to AC).
   It greatly protects you from fire.
   It makes you vulnerable to cold.
   It protects you from poison.
   It lets you see invisible.
 C - a +5 scimitar of flaming
 D - a +3 broad axe
Missiles
 b - a throwing net
 g - 239 stones
 h - 6 javelins (quivered)
 y - 26 sling bullets
Armour
 e - the +3 warlock's mirror (worn) {reflect}
   (You bought it in a shop on level 8 of the Dungeon)
 q - a +1 hat of see invisible (worn)
 t - a +1 plate armour of magic resistance
 z - a +1 pair of boots (worn)
 M - a +3 plate armour of cold resistance (worn)
 P - the +5 kite shield of Xyngopt {rC+}
   (You bought it in a shop on level 2 of the Orcish Mines)

   It protects you from cold.
 Q - a scarf of repulsion (worn)
 X - a +2 pair of gloves (worn)
Jewellery
 j - the ring of Phasing (left hand) {EV+8}
   (You took it off a deep elf mage on level 3 of the Elven Halls)

   [ring of evasion]

   It affects your evasion (+8).
 J - a ring of protection from magic (right hand)
 W - an amulet of regeneration (around neck)
 Y - an uncursed ring of resist corrosion
Wands
 r - a wand of disintegration (49)
 A - a wand of digging (9)
 E - a wand of iceblast (17)
 N - a wand of acid (8)
Scrolls
 f - 8 scrolls of identify
 l - a scroll of summoning {unknown}
 n - 4 scrolls of enchant armour
 o - 5 scrolls of fog
 p - 2 scrolls of immolation
 x - 2 scrolls of enchant weapon
 F - 2 scrolls of remove curse
 H - 6 scrolls of fear
 R - a scroll of blinking
 S - 5 scrolls of teleportation
 U - a scroll of vulnerability
 Z - a scroll of torment
Potions
 c - a potion of might
 m - 5 potions of heal wounds
 s - a potion of cancellation
 u - 2 potions of stabbing
 v - 2 potions of lignification
 w - 5 potions of haste
 B - a potion of resistance
 G - 8 potions of curing
 I - a potion of mutation {unknown}
 O - 3 potions of flight {unknown}
Miscellaneous
 d - a box of beasts (3/3)
 i - a box of beasts (3/3)
 K - a lightning rod (4/4)
 L - a condenser vane (2/2)


   Skills:
 + Level 17.7 Fighting
 + Level 19.3 Axes
 * Level 9.5(9.6) Slings
 - Level 1.9(5.8) Throwing
 + Level 17.6 Armour
 + Level 5.4 Dodging
 + Level 2.9 Stealth
 + Level 12.4 Shields
 + Level 8.0 Evocations


You had 16 spell levels left.
You didn't know any spells.
Your spell library was empty.

Dungeon Overview and Level Annotations

Branches:
Dungeon (11/15)            Temple (0/1) D:7            Lair (6/6) D:11
  Swamp (0/4) Lair:2        Snake (0/4) Lair:3        Slime (2/5) Lair:6
    Orc (2/2) D:10            Elf (3/3) Orc:2

Altars:
Ashenzari
Cheibriados
Fedhas
Hepliaklqana
Nemelex Xobeh
Okawaru
Ru
Trog
Beogh
Jiyva

Shops:
D:8 *   Orc:2 ?*!(   Elf:2 [   Elf:3 [

Portals:
Trove: D:10 (show slimy rune of Zot)


Innate Abilities, Weirdness & Mutations

You reflexively headbutt those who attack you in melee.
You have a pair of horns on your head.


Message History

You barely miss the azure jelly.
The azure jelly is moderately wounded.
You block the azure jelly's attack.
The azure jelly hits you but does no damage.
The azure jelly barely misses you. x2
Unknown command.
Unknown command.
Unknown command.
Unknown command.
You hit the azure jelly.
The azure jelly is moderately wounded.
Unknown command.
Unknown command.
Unknown command.
You slash the azure jelly! Your headbutt misses the azure jelly.
The azure jelly is heavily wounded.
The azure jelly hits you.
* * * LOW HITPOINT WARNING * * *
The azure jelly freezes you!!
You die...

##..................
#................# .
.........#......#..
........#.......#.
#................
####....#...........
##...................
#......J>....<..#....
#......@.............
##.................#.
##....................
#..............##.....
##............## .....
#............#.# #..#.
#........#......# ...
##......#...##.##
#......##.##


You could see an azure jelly.

Vanquished Creatures
  Nikola (Elf:2)
  A deep elf master archer (Elf:3)
  4 acid blobs (Slime:1)
  3 deep elf blademasters
  Gastronok (Lair:3)
  5 deep elf sorcerers
  Aizul (Elf:3)
  2 deep elf elementalists (Elf:3)
  2 large abominations (Elf:3)
  2 deep elf demonologists (Elf:3)
  5 deep elf annihilators
  A dire elephant (Lair:6)
  A fire dragon (Lair:6)
  6 deep elf death magi
  2 deep elf high priests
  2 boulder beetles
  2 hydras
  Erica (D:8)
  2 two-headed ogres
  19 dancing weapons
  A catoblepas (Lair:6)
  7 death yaks
  An orc high priest (Elf:2)
  23 deep elf knights
  3 small abominations
  2 lindwurms (Lair:6)
  Pikel (D:5)
  14 deep elf archers
  4 orc knights
  4 orc sorcerers
  2 ugly things (D:11)
  64 deep elf magi
  5 black mambas
  11 elephants
  Joseph (D:10)
  6 cane toads
  A gargoyle (D:11)
  6 torpor snails
  An efreet (D:9)
  4 rime drakes
  9 komodo dragons
  12 polar bears
  Grinder (D:4)
  4 trolls
  6 hornets (Lair:6)
  A raiju (Lair:6)
  A bog body (Lair:2)
  5 dream sheep (Lair:6)
  3 tyrant leeches (Lair:6)
  10 blink frogs
  7 slime creatures
  A water elemental (Elf:1)
  A wraith (D:11)
  44 yaks
  An air elemental (Elf:3)
  3 wyverns
  2 fire elementals (Elf:3)
  3 basilisks
  Menkaure (D:4)
  2 swamp worms (Lair:2)
  10 wargs
  A naga (Lair:3)
  10 water moccasins
  14 hell hounds (Lair:6)
  Duvessa (D:4)
  5 ice beasts
  3 phantoms
  14 orc warriors
  2 sky beasts
  15 black bears
  2 eyes of draining (Slime:1)
  5 ogres
  34 wolves
  5 centaurs
  2 lemures (D:5)
  A big kobold (D:7)
  A gnoll sergeant (D:7)
  12 bullfrogs
  Dowan (D:4)
  A water moccasin skeleton (D:10)
  A wyvern skeleton (D:11)
  6 scorpions
  12 killer bees
  16 wights
  A howler monkey (D:5)
  2 electric eels
  A centaur zombie (D:9)
  A bullfrog skeleton (D:6)
  12 hounds
  A quasit (D:9)
  12 orc priests
  Crazy Yiuf (D:2)
  A centaur skeleton (D:7)
  2 iguanas
  10 worker ants
  22 orc wizards
  Natasha (twice) (D:3)
  A hound skeleton (D:9)
  A mummy (D:6)
  A worker ant zombie (D:7)
  18 gnolls
  3 howler monkey skeletons
  8 adders
  4 shadow imps
  6 white imps
  4 ufetubi
  An ooze (D:4)
  3 worms
  3 dart slugs
  5 leopard geckos
  79 orcs
  4 giant cockroaches
  13 goblins
  8 hobgoblins
  10 jackals
  6 quokkas
  2 ball pythons
  9 bats
  9 frilled lizards
  A jackal skeleton (D:4)
  9 kobolds
  A leopard gecko skeleton (D:4)
  A quokka zombie (D:6)
  10 rats
  A butterfly (Lair:4)
804 creatures vanquished.

Vanquished Creatures (collateral kills)
  Jorgrun (Elf:2)
  2 deep elf blademasters (Elf:3)
  A deep elf master archer (Elf:3)
  Agnes (Elf:2)
  2 deep elf sorcerers (Elf:3)
  2 deep elf demonologists (Elf:3)
  A deep elf death mage (Elf:3)
  A deep elf high priest (Elf:3)
  4 dancing weapons
  3 orc high priests (Orc:2)
  A deep elf knight (Elf:2)
  2 orc knights (Orc:2)
  4 deep elf magi
  2 orc sorcerers (Orc:2)
  4 oklob plants (Lair:4)
  4 elephants (Lair:6)
  A troll (Orc:2)
  A dream sheep (Lair:6)
  4 orc warriors (Orc:2)
  2 wolves (Lair:6)
  2 orc priests (Orc:2)
  An orc wizard (Orc:2)
46 creatures vanquished.

Vanquished Creatures (others)
  A deep elf annihilator (Elf:3)
  2 deep elf knights (Elf:2)
  A deep elf archer (Elf:3)
  A deep elf mage (Elf:3)
  An orc warrior (Orc:2)
  27 fungi
  68 plants
101 creatures vanquished.

Grand Total: 951 creatures vanquished

Notes
Turn   | Place    | Note
-------+----------+-------------------------------------------
     0 | D:1      | niangp the Minotaur Berserker began the quest for the Orb.
     0 | D:1      | Reached XP level 1. HP: 19/19 MP: 0/0
   103 | D:1      | Reached XP level 2. HP: 20/27 MP: 1/1
   104 | D:1      | Reached skill level 4 in Axes
   411 | D:1      | Reached XP level 3. HP: 33/33 MP: 2/2
   413 | D:1      | Reached ** piety under Trog
   995 | D:2      | Reached XP level 4. HP: 39/41 MP: 3/3
  1129 | D:2      | Reached skill level 5 in Axes
  1239 | D:2      | Found a runed translucent door.
  1240 | D:2      | Noticed Crazy Yiuf
  1248 | D:2      | Killed Crazy Yiuf
  1498 | D:3      | Noticed Natasha
  1508 | D:3      | Killed Natasha
  1508 | D:3      | Reached *** piety under Trog
  1508 | D:3      | Reached XP level 5. HP: 34/47 MP: 4/4
  1621 | D:3      | Reached skill level 6 in Axes
  2143 | D:3      | Noticed Natasha
  2149 | D:3      | Killed Natasha
  2149 | D:3      | Reached skill level 1 in Throwing
  2325 | D:4      | Noticed Duvessa
  2325 | D:4      | Noticed Dowan
  2331 | D:4      | Killed Duvessa
  2331 | D:4      | Reached XP level 6. HP: 53/53 MP: 5/5
  2336 | D:4      | Killed Dowan
  2395 | D:4      | Found a sparkling altar of Nemelex Xobeh.
  2405 | D:4      | Noticed Menkaure
  2411 | D:4      | Killed Menkaure
  2411 | D:4      | Reached skill level 7 in Axes
  2411 | D:4      | Reached skill level 5 in Armour
  2411 | D:4      | Reached XP level 7. HP: 50/60 MP: 6/6
  2669 | D:4      | Reached skill level 5 in Fighting
  2740 | D:4      | Noticed Grinder
  2750 | D:4      | Killed Grinder
  2750 | D:4      | Reached skill level 8 in Axes
  2800 | D:4      | Reached **** piety under Trog
  3017 | D:4      | You fall into a shaft and drop 2 floors!
  3023 | D:6      | Reached XP level 8. HP: 62/69 MP: 7/7
  3211 | D:5      | Entered Level 5 of the Dungeon
  3215 | D:5      | Noticed Pikel
  3229 | D:5      | Killed Pikel
  3229 | D:5      | Reached skill level 9 in Axes
  3464 | D:5      | Reached skill level 10 in Axes
  3825 | D:5      | Got a crystal hand axe
  3825 | D:5      | Identified the +11 hand axe "Unwub" {protect, rPois rF++
                  | rC- SInv} (You found it on level 5 of the Dungeon)
  3918 | D:5      | Found an iron altar of Okawaru.
  4193 | D:6      | Reached XP level 9. HP: 78/78 MP: 8/8
  4657 | D:6      | Found a snail-covered altar of Cheibriados.
  4982 | D:6      | Reached skill level 11 in Axes
  5377 | D:7      | Reached ***** piety under Trog
  5566 | D:7      | You fall into a shaft and drop 1 floor!
  5572 | D:8      | Reached skill level 12 in Axes
  5619 | D:7      | Found a blossoming altar of Fedhas.
  5915 | D:7      | Found a staircase to the Ecumenical Temple.
  6093 | D:7      | Found a bloodstained altar of Trog.
  6094 | D:7      | Found a sacrificial altar of Ru.
  6179 | D:8      | Found Qiunarghi's Assorted Antiques.
  6179 | D:8      | Noticed Erica
  6191 | D:8      | Killed Erica
  6191 | D:8      | Reached skill level 1 in Stealth
  6191 | D:8      | Reached XP level 10. HP: 81/88 MP: 9/9
  6599 | D:8      | Reached skill level 10 in Armour
  6705 | D:8      | Found a hazy altar of Hepliaklqana.
  6712 | D:8      | Reached skill level 13 in Axes
  7205 | D:9      | Found a broken altar of Ashenzari.
  7308 | D:9      | Received a gift from Trog
  7715 | D:10     | Entered Level 10 of the Dungeon
  7772 | D:10     | Found a portal to a secret trove of treasure.
  7950 | D:10     | Reached skill level 14 in Axes
  8058 | D:10     | Found a staircase to the Orcish Mines.
  8085 | D:10     | Found a roughly hewn altar of Beogh.
  8094 | D:10     | Reached XP level 11. HP: 84/97 MP: 10/10
  8129 | D:10     | Noticed Joseph
  8140 | D:10     | Killed Joseph
  8807 | D:11     | Noticed a two-headed ogre
  8812 | D:11     | Killed a two-headed ogre
  8895 | Orc:1    | Entered Level 1 of the Orcish Mines
  8934 | Orc:1    | Noticed an orc sorcerer
  8944 | Orc:1    | Killed an orc sorcerer
  8944 | Orc:1    | Reached skill level 10 in Fighting
  8975 | Orc:1    | Found a roughly hewn altar of Beogh.
  9132 | Orc:1    | Noticed a two-headed ogre
  9144 | Orc:1    | Killed a two-headed ogre
  9164 | Orc:1    | Found a bloodstained altar of Trog.
  9194 | Orc:1    | Reached ****** piety under Trog
  9455 | Orc:2    | Entered Level 2 of the Orcish Mines
  9509 | Orc:2    | Noticed an orc knight
  9528 | Orc:2    | Killed an orc knight
  9668 | Orc:2    | Noticed an orc knight
  9694 | Orc:1    | Killed an orc knight
  9694 | Orc:1    | Reached skill level 1 in Shields
 10159 | Orc:2    | Found a staircase to the Elven Halls.
 10410 | Orc:2    | Noticed an orc sorcerer
 10411 | Orc:2    | Found Koiphiebb's Antique Weapon Boutique.
 10411 | Orc:2    | Noticed an orc knight
 10422 | Orc:2    | Killed an orc sorcerer
 10422 | Orc:2    | Reached skill level 15 in Axes
 10435 | Orc:2    | Noticed an orc knight
 10438 | Orc:2    | Killed an orc knight
 10445 | Orc:2    | Killed an orc knight
 10450 | Orc:2    | Noticed an orc high priest
 10462 | Orc:2    | Noticed an orc high priest
 10462 | Orc:2    | Noticed an orc knight
 10462 | Orc:2    | Noticed an orc sorcerer
 10494 | Orc:2    | Killed an orc high priest
 10498 | Orc:2    | Killed an orc high priest
 10498 | Orc:2    | Reached XP level 12. HP: 60/110 MP: 11/11
 10515 | Orc:2    | Noticed an orc high priest
 10529 | Orc:2    | Killed an orc high priest
 10557 | Orc:2    | Found Isoowa Zojij's Distillery.
 10558 | Orc:2    | Found Jaaheor's Assorted Antiques.
 10558 | Orc:2    | Found Rikluasy's Magic Scroll Emporium.
 10573 | Orc:2    | Bought an ichor-stained kite shield for 285 gold pieces
 10584 | Orc:2    | Identified a scroll of acquirement
 10584 | Orc:2    | Acquired 296 gold pieces
 10609 | Orc:2    | Identified the +5 kite shield of Xyngopt {rC+} (You bought
                  | it in a shop on level 2 of the Orcish Mines)
 10769 | Orc:2    | Bought a potion of heal wounds for 75 gold pieces
 10769 | Orc:2    | Bought a potion of might for 60 gold pieces
 10953 | D:8      | Bought the +3 warlock's mirror {reflect} for 1120 gold
                  | pieces
 10953 | D:8      | Found the +3 warlock's mirror {reflect}
 11262 | Elf:1    | Entered Level 1 of the Elven Halls
 11649 | Elf:1    | Noticed a deep elf high priest
 11666 | Elf:1    | Killed a deep elf high priest
 12070 | Elf:1    | Reached skill level 16 in Axes
 12527 | Elf:1    | Reached XP level 13. HP: 122/122 MP: 12/12
 12529 | Elf:1    | Noticed a deep elf sorcerer
 12535 | Elf:1    | Killed a deep elf sorcerer
 13070 | Elf:1    | Received a gift from Trog
 13070 | Elf:1    | Reached skill level 5 in Shields
 13351 | Elf:2    | Noticed a deep elf annihilator
 13360 | Elf:2    | Identified the +7 battleaxe of Qifutu {vorpal, rElec rC-
                  | Stlth+}
 13379 | Elf:2    | Reached skill level 1 in Evocations
 13380 | Elf:2    | Killed a deep elf annihilator
 13826 | Elf:1    | Reached skill level 17 in Axes
 14207 | Elf:2    | Reached skill level 15 in Armour
 14232 | Elf:2    | Reached XP level 14. HP: 97/132 MP: 13/13
 14277 | Elf:2    | Found Wuowk's Armour Emporium.
 14811 | Elf:2    | Found a huge runed translucent gate.
 14811 | Elf:2    | Found a huge runed translucent gate.
 14811 | Elf:2    | Found a huge runed translucent gate.
 14811 | Elf:2    | Found a huge runed translucent gate.
 14812 | Elf:2    | Found a huge runed translucent gate.
 14816 | Elf:2    | Noticed Nikola
 14930 | Elf:2    | Noticed a deep elf blademaster
 14949 | Elf:2    | Killed a deep elf blademaster
 14959 | Elf:2    | Killed Nikola
 15984 | Elf:2    | Reached skill level 15 in Fighting
 15998 | Elf:2    | Noticed Agnes
 16015 | Elf:2    | Killed Agnes
 16015 | Elf:2    | Received a gift from Trog
 16015 | Elf:2    | Reached skill level 5 in Evocations
 16054 | Elf:2    | Noticed Jorgrun
 16064 | Elf:2    | Killed Jorgrun
 16409 | Elf:3    | Entered Level 3 of the Elven Halls
 16409 | Elf:3    | Noticed a deep elf elementalist
 16417 | Elf:3    | Killed a deep elf elementalist
 16430 | Elf:3    | Reached XP level 15. HP: 138/141 MP: 14/14
 16496 | Elf:3    | Reached skill level 18 in Axes
 17186 | Elf:3    | Noticed a deep elf sorcerer
 17189 | Elf:3    | Noticed a deep elf blademaster
 17190 | Elf:3    | Noticed a deep elf sorcerer
 17194 | Elf:3    | Noticed a deep elf blademaster
 17202 | Elf:3    | Noticed a deep elf master archer
 17205 | Elf:3    | Killed a deep elf blademaster
 17207 | Elf:3    | Killed a deep elf blademaster
 17209 | Elf:3    | Killed a deep elf sorcerer
 17210 | Elf:3    | Killed a deep elf sorcerer
 17218 | Elf:3    | Killed a deep elf master archer
 17223 | Elf:3    | Noticed a deep elf sorcerer
 17227 | Elf:3    | Noticed a deep elf sorcerer
 17227 | Elf:3    | Noticed a deep elf blademaster
 17238 | Elf:3    | Killed a deep elf sorcerer
 17238 | Elf:3    | Noticed a deep elf blademaster
 17241 | Elf:3    | Killed a deep elf sorcerer
 17241 | Elf:3    | Reached skill level 10 in Shields
 17241 | Elf:3    | Killed a deep elf blademaster
 17244 | Elf:3    | Killed a deep elf blademaster
 17245 | Elf:3    | Received a gift from Trog
 17247 | Elf:3    | Noticed a deep elf master archer
 17260 | Elf:3    | Noticed a deep elf sorcerer
 17265 | Elf:3    | Killed a deep elf master archer
 17265 | Elf:3    | Noticed Aizul
 17281 | Elf:3    | Killed a deep elf sorcerer
 17737 | Elf:3    | Killed Aizul
 17801 | Elf:3    | Reached skill level 5 in Dodging
 18066 | Elf:3    | Found Maotog's Antique Armour Shoppe.
 18074 | Elf:3    | Reached XP level 16. HP: 152/152 MP: 15/15
 18097 | Elf:3    | Bought a pair of faintly glowing boots for 266 gold pieces
 18136 | Elf:3    | Identified the -5 pair of boots of Beauty {rElec MP+9} (You
                  | bought it in a shop on level 3 of the Elven Halls)
 18490 | Elf:3    | Got an ichor-stained hand axe {god gift}
 18712 | Elf:3    | Identified the +10 rapier of Xar Qoxa {venom, rElec rN+}
 18823 | Elf:3    | Got a fading hand crossbow
 18841 | Elf:3    | Found the +3 sling "Punk" {acid, rCorr}
 18842 | Elf:3    | Got a brightly glowing hunting sling
 18849 | Elf:3    | Got a coiled platinum ring
 18871 | Elf:3    | Identified the +4 hand axe of Checks and Balances {vorpal,
                  | Str+3} (Trog gifted it to you on level 3 of the Elven
                  | Halls)
 18872 | Elf:3    | Identified the cursed +0 hand crossbow "Etwasut" {penet,
                  | +Blink rElec Str-3 Int+3} (You found it on level 3 of the
                  | Elven Halls)
 18874 | Elf:3    | Identified the ring "Lodedut" {MP+9 Int+6 Dex+6} (You found
                  | it on level 3 of the Elven Halls)
 18912 | Elf:3    | Identified the cursed +1 hunting sling of Utewn {freeze,
                  | Int+2} (You found it on level 3 of the Elven Halls)
 19686 | D:11     | Found a staircase to the Lair.
 19858 | D:11     | Reached skill level 1 in Slings
 19926 | D:11     | Received a gift from Trog
 20041 | D:11     | Got a fading hunting sling
 20042 | D:11     | Identified the cursed +1 hunting sling "Beastbane" {venom,
                  | +Fly} (You found it on level 11 of the Dungeon)
 20393 | Lair:1   | Entered Level 1 of the Lair of Beasts
 21417 | Lair:2   | Found a staircase to the Swamp.
 21737 | Lair:2   | Reached skill level 5 in Slings
 22152 | Lair:3   | Found a staircase to the Snake Pit.
 22553 | Lair:3   | Noticed Gastronok
 22570 | Lair:3   | Killed Gastronok
 24814 | Lair:6   | Entered Level 6 of the Lair of Beasts
 24871 | Lair:6   | Reached XP level 17. HP: 161/161 MP: 16/16
 24888 | Lair:6   | Reached skill level 19 in Axes
 25064 | Lair:6   | Received a gift from Trog
 25438 | Lair:6   | Found a staircase to the Slime Pits.
 25438 | Lair:6   | Found a viscous altar of Jiyva.
 25930 | Lair:6   | Found a runed translucent door.
 26376 | Slime:1  | Entered Level 1 of the Pits of Slime
 26379 | Slime:1  | Noticed an acid blob
 26386 | Slime:1  | Noticed an acid blob
 26398 | Slime:1  | Killed an acid blob
 26409 | Slime:1  | Killed an acid blob
 26679 | Slime:1  | Noticed an acid blob
 26695 | Slime:1  | Killed an acid blob
 26798 | Slime:2  | Noticed an acid blob
 26801 | Slime:2  | Noticed an acid blob
 26804 | Slime:2  | Noticed an acid blob
 26808 | Slime:1  | Killed an acid blob
 26811 | Slime:1  | HP: 8/163 [azure jelly (36)]
 26818 | Slime:1  | Mangled by an azure jelly

Illustrated notes

Levels and vault maps discovered:
D:1:      enne_arrival_octagon_isle, layout_basic, minmay_lizard_king
D:2:      layout_loops_ring, uniq_crazy_yiuf_cottage
D:3:      minmay_wonky_spiral, layout_basic, minivault_14,
          roderic_roman_lattice, uniq_natasha
D:4:      layout_gridville, old_standard_altar, uniq_menkaure, uniq_grinder,
          uniq_duvessa
D:5:      layout_basic, okawaru_gym_becter, uniq_pikel
D:6:      layout_layer_cave, chei_slow_surprise
D:7:      minmay_s_stair_smasher, layout_basic, gammafunk_temple_overflow_pools,
          minmay_temple_entry_proselytizer, basic_altar,
          kennysheep_generic_room_14
D:8:      layout_cave_pools, serial_shops, shop, basic_altar,
          columned_hall_lemuel, uniq_erica
D:9:      layout_roguey, ashenzari_conservatory_becter
D:10:     layout_loops_ring, minmay_orc_entry_temple_small, enter_trove_0,
          uniq_joseph
D:11:     layout_roguey, erik_lair_orcish_takeover
Lair:1:   layout_loops_ring
Lair:2:   beast_lair_carwin_large_4, layout_regular_city,
          nicolae_swamp_entry_splash_gauntlet
Lair:3:   layout_regular_city, guppyfry_snake_entry_garden, grunt_megastairs_3,
          serial_bayou_shore_a, uniq_gastronok
Lair:4:   layout_roguey, chequers_serial_rivers_small_3, serial_bayou_shore_b,
          lemuel_fruit_fields, grunt_megastairs_2, minmay_lair_oklob_chamber
Lair:5:   layout_layer_cave
Lair:6:   wormcave, layout_regular_city, hangedman_lair_caniforms_friends,
          slime_altar_1
Slime:1:  layout_caves
Slime:2:  layout_caves
Orc:1:    layout_diamond_mine, basic_altar, trog_hazing_becter
Orc:2:    st_orc_elflike, layout_diamond_mine
Elf:1:    eino_elf_arrival_customs, layout_loops_corners,
          kennysheep_underground_church
Elf:2:    layout_rooms, serial_shops, shop, uniq_jorgrun, uniq_agnes,
          uniq_nikola
Elf:3:    minmay_elf_hall_circle, layout_geoelf_grid, serial_shops, shop,
          grunt_ministairs_7, minmay_misc_feat_pillars, uniq_aizul

Skill      XL: |  1  2  3  4  5  6  7  8  9 10 11 12 13 14 15 16 17 |
---------------+----------------------------------------------------+-----
Axes           | 4 5 6 7 8 10 12 14 15 16 17 18 19 | 19.3
Fighting       | 4 5 6 8 9 11 13 14 15 16 17 | 17.7
Armour         | 3 4 5 6 7 9 10 12 14 15 16 17 | 17.6
Throwing       | 1 |  1.9
Dodging        | 3 4 5 |  5.4
Stealth        | 1 2 |  2.9
Shields        | 1 3 7 8 10 11 12 | 12.4
Evocations     | 2 5 7 8 |  8.0
Slings         | 8 9 |  9.5

Action                   |  1- 3 |  4- 6 |  7- 9 | 10-12 | 13-15 | 16-18 || total
-------------------------+-------+-------+-------+-------+-------+-------++-------
Melee: Hand axe          |    73 |       |   169 |   545 |   626 |   637 ||  2050
       Headbutt          |    15 |     7 |    45 |   105 |   116 |   171 ||   459
       War axe           |    13 |    67 |   101 |       |       |       ||   181
 Fire: Fustibalus        |       |       |       |       |       |   422 ||   422
Throw: Javelin           |     8 |       |       |       |       |       ||     8
Invok: Berserk           |       |     2 |       |     2 |     3 |     4 ||    11
       Trog's Hand       |       |     2 |     4 |     7 |     6 |     2 ||    21
       Brothers in Arms  |       |       |       |     5 |     9 |     6 ||    20
Evoke: Lightning rod     |       |       |       |       |     1 |     1 ||     2
  Use: Scroll            |       |       |       |    12 |     1 |    21 ||    34
       Potion            |       |       |       |       |     2 |       ||     2
 Stab: Petrified         |       |       |       |       |       |     7 ||     7
       Petrifying        |       |       |       |       |       |     2 ||     2
Armor: Plate armour      |    64 |    48 |   172 |   244 |   236 |   417 ||  1181
Dodge: Dodged            |    36 |    35 |    75 |   138 |   122 |   567 ||   973
       Repelled          |       |       |       |       |    11 |    18 ||    29
Block: Buckler           |       |       |       |    44 |   165 |   380 ||   589
       Reflection        |       |       |       |     2 |    25 |    30 ||    57

Table legend: (Time is in decaauts)
 A = Elapsed time spent in this place.
 B = Non-inter-level travel time spent in this place.
 C = Inter-level travel time spent in this place.
 D = Time resting spent in this place.
 E = Time spent auto-exploring this place.
 F = Levels seen in this place.
 G = Mean time per level.
                   A        B        C        D        E       F      G
               +--------+--------+--------+--------+--------+-----+--------+
         Total |  26315 |  24444 |   1871 |   4270 |  15479 |  24 | 1096.5 |
       Dungeon |  10209 |   9155 |   1054 |     57 |   7544 |  11 |  928.1 |
          Lair |   6083 |   5858 |    225 |    437 |   4362 |   6 | 1013.8 |
    Slime Pits |    234 |    234 |      0 |     78 |     67 |   2 |  117.0 |
  Orcish Mines |   2180 |   1963 |    217 |    370 |   1228 |   2 | 1090.0 |
   Elven Halls |   7608 |   7235 |    373 |   3328 |   2278 |   3 | 2536.0 |
               +--------+--------+--------+--------+--------+-----+--------+

Top non-repeatable levels by time:
   Elf:1: 2868 daAuts
   Elf:2: 2589 daAuts
   Elf:3: 2150 daAuts
  Lair:6: 1638 daAuts
     D:6: 1402 daAuts
   Orc:2: 1249 daAuts
    D:10: 1247 daAuts
  Lair:3: 989 daAuts
     D:7: 967 daAuts
  Lair:5: 936 daAuts
   Orc:1: 930 daAuts
     D:9: 927 daAuts
  Lair:4: 889 daAuts
     D:2: 887 daAuts
     D:8: 862 daAuts
